 Dungeon Crawl Stone Soup version 0.29.1-13-g9f3cf754e1 (webtiles) character file.

Game seed: 7485929499815139025

27510 bubby the Covert (level 13, -4/70 HPs)
             Began as a Vine Stalker Brigand on Jan 19, 2023.
             Was a Follower of Makhleb.
             Slain by a frost giant
             ... wielding a +2 battleaxe of freezing
              (36 damage)
             ... on level 12 of the Dungeon.
             The game lasted 00:59:00 (13121 turns).

bubby the Covert (Vine Stalker Brigand)            Turns: 13121, Time: 00:59:03

Health: -4/70      AC: 14    Str: 14    XL:     13   Next: 32%
Magic:  0/14       EV: 22    Int: 11    God:    Makhleb [*.....]
Gold:   1043       SH:  5    Dex: 21    Spells: 12/12 levels left

rFire   + . .      SeeInvis .   P - +1 scimitar (pain)
rCold   + + .      Faith    .   (no shield)
rNeg    . . .      Spirit   +   O - +2 robe {rC+}
rPois   .          Reflect  +   t - +2 helmet
rElec   .          Harm     .   b - scarf {rC+ rF+}
rCorr   .          Rampage  .   (no gloves)
Will    +....                   B - +1 pair of boots
Stlth   ++++++....              r - amulet of reflection
HPRegen 1.01/turn               a - +4 ring of evasion
MPRegen 0.14/turn               h - +4 ring of protection

@: studying Throwing
A: fangs 3, regeneration 1, magic shield, antimagic bite, no potion heal 2
a: Renounce Religion


You were on level 12 of the Dungeon.
You worshipped Makhleb.
Makhleb was aware of your devotion.
You visited 3 branches of the dungeon, and saw 14 of its levels.

You collected 1043 gold pieces.

Inventory:

Hand Weapons
 P - a +1 scimitar of pain (weapon)
Missiles
 d - 16 poisoned darts (quivered)
 e - 4 curare-tipped darts
 K - 10 boomerangs
Armour
 b - a scarf of resistance (worn)
 i - the +1 leather armour of Afeciy {rF++ rCorr}
   (You took it off a gnoll bouda on level 6 of the Dungeon)

   rF:        It greatly protects you from fire.
   rCorr:     It protects you from acid and corrosion.
 n - a +0 kite shield
 t - a +2 helmet (worn)
 y - a +2 robe of positive energy
 B - a +1 pair of boots (worn)
 O - a +2 robe of cold resistance (worn)
Magical Staves
 J - a staff of conjuration
Jewellery
 a - a +4 ring of evasion (left hand)
 f - a ring of protection from fire
 h - a +4 ring of protection (right hand)
 r - an amulet of reflection (around neck)
Wands
 v - a wand of digging (5)
 E - a wand of charming (5)
 N - a wand of roots (4)
 S - a wand of mindburst (8)
 U - a wand of flame (8)
 X - a wand of quicksilver (4)
 Z - a wand of polymorph (4)
Scrolls
 c - 2 scrolls of magic mapping {unknown}
 j - a scroll of amnesia
 p - 2 scrolls of enchant armour
 s - a scroll of butterflies
 u - a scroll of fear
 w - 7 scrolls of teleportation
 z - 2 scrolls of silence
 H - 4 scrolls of noise
 L - 3 scrolls of vulnerability {unknown}
 R - a scroll of blinking {unknown}
 V - 3 scrolls of enchant weapon {unknown}
 W - 4 scrolls of poison {unknown}
Potions
 k - 3 potions of haste {unknown}
 l - 6 potions of curing
 m - 6 potions of might
 q - 3 potions of flight {unknown}
 x - 3 potions of degeneration {unknown}
 A - a potion of lignification
 D - 2 potions of cancellation {unknown}
 F - 2 potions of mutation {unknown}
 G - 4 potions of invisibility {unknown}
 I - 2 potions of resistance
 T - 2 potions of brilliance
 Y - a potion of magic


   Skills:
 + Level 8.9 Fighting
 - Level 1.7(5.6) Short Blades
 + Level 8.5(8.6) Long Blades
 + Level 11.3 Throwing
 + Level 6.4 Armour
 + Level 7.9 Dodging
 + Level 13.0 Stealth
 + Level 1.8 Shields


You had 12 spell levels left.
You didn't know any spells.
Your spell library contained the following spells:

 Spells                   Type           Power      Damage    Failure   Level
 Freeze                   Ice            0%         1d3       34%         1
 Sting                    Tmut/Pois      0%         1d3       34%         1
 Blink                    Tloc           0%         N/A       47%         2
 Poisonous Vapours        Pois/Air       0%         N/A       47%         2
 Frozen Ramparts          Ice            0%         1d1       71%         3
 Tukima's Dance           Hex            0%         N/A       71%         3
 Hailstorm                Conj/Ice       0%         3d3       98%         4
 Ice Form                 Ice/Tmut       0%         N/A       98%         4
 Olgreb's Toxic Radiance  Pois           0%         N/A       98%         4
 Passage of Golubria      Tloc           0%         N/A       98%         4
 Alistair's Intoxication  Tmut/Pois      0%         N/A       100%        5
 Borgnjor's Vile Clutch   Necr/Erth      0%         N/A       100%        5
 Iskenderun's Battlesphe  Conj           0%         2d6       100%        5
 Manifold Assault         Tloc           0%         N/A       100%        5
 Yara's Violent Unravell  Hex/Tmut       0%         3d3       100%        5
 Eringya's Noxious Bog    Tmut/Pois      0%         N/A       100%        6
 Iron Shot                Conj/Erth      0%         9d1       100%        6
 Simulacrum               Ice/Necr       0%         N/A       100%        6
 Haunt                    Necr/Summ      0%         N/A       100%        7
 Spellforged Servitor     Conj/Summ      0%         N/A       100%        7
 Storm Form               Tmut/Air       0%         N/A       100%        7
 Summon Horrible Things   Summ           0%         N/A       100%        8


Dungeon Overview and Level Annotations

Branches:
Dungeon (12/15)            Temple (1/1) D:7            Lair (1/5) D:8
    Orc (0/2) D:10

Altars:
Ashenzari
Cheibriados
Dithmenos
Elyvilon
Fedhas
Gozag
Hepliaklqana
Kikubaaqudgha
Makhleb
Nemelex Xobeh
Okawaru
Qazlal
Ru
Sif Muna
Trog
Uskayaw
Vehumet
Wu Jian
Xom
Yredelemnul
Zin
The Shining One

Shops:
D:1 *(!=(

Annotations:
D:6 3 runed translucent doors, retardedninja's ghost, novice MiFi
D:8 2 transporters, RapScallion's ghost, novice HOFi


Innate Abilities, Weirdness & Mutations

You have razor-sharp teeth.
Your natural rate of healing is unusually fast.
When hurt, damage is shared between your health and your magic reserves.
Your bite disrupts and absorbs the magic of your enemies.
Potions cannot restore your health.


Message History

Your gargoyle is destroyed!
Your gargoyle dissolves into shadows!
The bolt of cold hits your vampire mosquito!!!
Your vampire mosquito is destroyed!
Your vampire mosquito's corpse dissolves into shadows!
The frost giant points at you and mumbles some strange words.
The bolt of cold hits your vampire mosquito!!
Your vampire mosquito is destroyed!
Your vampire mosquito's corpse dissolves into shadows!
The frost giant points at you and mumbles some strange words.
The bolt of cold hits your cyclops!!!
Your cyclops dies!
Your cyclops's corpse dissolves into shadows!
The bolt of cold misses you. The frost giant casts a spell at you.
The bolt of cold hits you! You resist. The frost giant casts a spell at you.
The bolt of cold hits you! You resist.
The frost giant points at you and mumbles some strange words.
The bolt of cold hits you! You resist.
There is an open door here.
The frost giant gestures at you while chanting.
The bolt of cold hits you! You resist.
You slash the frost giant! You bite the frost giant.
The frost giant's magic leaks into the air.
You drain its magic.
You feel invigorated.
The frost giant is lightly wounded.
The frost giant's magic is no longer disrupted.
The frost giant casts a spell at you. The bolt of cold misses you.
You hit the frost giant.
The frost giant is lightly wounded.
The frost giant drinks a potion.
The frost giant seems to grow stronger.
You hit the frost giant. You bite the frost giant.
The frost giant's magic leaks into the air.
You drain its magic.
You feel invigorated.
The frost giant is moderately wounded.
The frost giant hits you with a +2 battleaxe of freezing!!!
Ouch! That really hurt!
You die...

#...##.##..........
#...##.##..........
#...##.##..........
#...'..##.........#
#...#####.........#
#...# #..........
#...# #..........
##'## #.........#
#@# #.........# #C#
#.........# #C#
##........#
#CCC..C.###.......#
#......C##........#
#......C###.......#
#.......##.#......#
#.....C.####......#
#.....C.# #.#.....#


You could see a frost giant (strong, magic disrupted) and 4 cyclopes.

Vanquished Creatures
  An ettin (D:12)
  3 two-headed ogres
  2 deep elf pyromancers (D:12)
  A mana viper (D:11)
  7 cyclopes (D:12)
  A gargoyle (D:12)
  An unseen horror (D:12)
  A kobold demonologist (D:11)
  A komodo dragon (D:10)
  4 unseen horror zombies (D:8)
  Psyche (D:10)
  A troll (shapeshifter) (D:12)
  2 hornets
  6 slime creatures (D:12)
  Sigmund (D:3)
  A culicivora (shapeshifter) (D:10)
  A wraith (D:12)
  3 shadows
  A yak (D:10)
  A basilisk (D:7)
  10 vampire mosquitoes
  4 wargs (D:12)
  3 acid dragons
  2 ice beasts
  5 orc warriors
  4 ogres
  7 wolves
  5 centaurs
  2 phantoms (D:6)
  A kobold brigand (D:8)
  A wyvern zombie (D:8)
  4 bullfrogs
  2 gnoll sergeants
  4 scorpions
  10 wights (D:8)
  4 killer bees (D:9)
  4 jellies
  A howler monkey (D:6)
  2 electric eels (D:12)
  11 centaur zombies (D:8)
  A hound (D:5)
  2 gnoll boudas
  11 orc priests
  Jessica (D:2)
  9 iguanas
  12 orc wizards
  3 killer bee zombies (D:8)
  Robin (D:2)
  17 gnolls
  5 adders
  2 shadow imps
  An ufetubus (D:5)
  2 worms (D:3)
  5 dart slugs
  52 orcs
  3 bats
  5 endoplasms
  2 giant cockroaches
  13 goblins
  8 hobgoblins
  5 quokkas
  8 ball pythons
  A frilled lizard (D:3)
  13 kobolds
  4 rats
312 creatures vanquished.

Vanquished Creatures (collateral kills)
  A cyclops (D:12)
1 creature vanquished.

Vanquished Creatures (others)
  A cyclops (D:12)
  2 fungi (Lair:1)
  A plant (Lair:1)
  3 withered plants (D:8)
7 creatures vanquished.

Grand Total: 320 creatures vanquished

Notes
Turn   | Place    | Note
-------+----------+-------------------------------------------
     0 | D:1      | bubby the Vine Stalker Brigand began the quest for the Orb.
     0 | D:1      | Reached XP level 1. HP: 11/11 MP: 2/2
   126 | D:1      | Reached skill level 1 in Dodging
   126 | D:1      | Reached skill level 5 in Stealth
   126 | D:1      | Reached XP level 2. HP: 15/15 MP: 3/3
   130 | D:1      | Found Buamomul's Jewellery Emporium.
   211 | D:1      | Found Horhih's Distillery.
   266 | D:1      | Found Wealacs's Weapon Emporium.
   377 | D:1      | Reached XP level 3. HP: 17/18 MP: 4/4
   439 | D:1      | Found a faded altar of an unknown god.
   549 | D:1      | Reached skill level 1 in Long Blades
   812 | D:1      | Found Rezoulliaf's Antique Weapon Emporium.
   982 | D:1      | Found Kadoilubb's General Store.
  1408 | D:2      | Noticed Jessica
  1422 | D:2      | Killed Jessica
  1423 | D:2      | Reached skill level 1 in Armour
  1423 | D:2      | Gained mutation: Your natural rate of healing is unusually
                  | fast. [Vine Stalker growth]
  1423 | D:2      | Reached XP level 4. HP: 15/23 MP: 5/5
  1515 | D:2      | Noticed Robin
  1537 | D:2      | Killed Robin
  1696 | D:2      | Reached XP level 5. HP: 27/27 MP: 6/6
  1814 | D:2      | Found a bloodstained altar of Trog.
  2100 | D:3      | Found a glowing golden altar of the Shining One.
  2269 | D:3      | Noticed Sigmund
  2305 | D:3      | Killed Sigmund
  2306 | D:3      | Reached skill level 6 in Stealth
  2306 | D:3      | Reached XP level 6. HP: 25/32 MP: 4/7
  3020 | D:3      | Reached XP level 7. HP: 36/36 MP: 8/8
  3164 | D:5      | Entered Level 5 of the Dungeon
  3564 | D:4      | Found an opulent altar of Gozag.
  3825 | D:4      | Noticed a two-headed ogre
  3845 | D:4      | Killed a two-headed ogre
  3846 | D:4      | Reached skill level 7 in Stealth
  3846 | D:4      | Gained mutation: You have razor-sharp teeth. [Vine Stalker
                  | growth]
  3846 | D:4      | Reached XP level 8. HP: 42/42 MP: 9/9
  5117 | D:6      | Reached XP level 9. HP: 46/46 MP: 10/10
  5174 | D:6      | Reached skill level 8 in Stealth
  5397 | D:6      | Found an iron altar of Okawaru.
  5433 | D:5      | Reached skill level 5 in Throwing
  5544 | D:6      | Reached skill level 5 in Fighting
  5546 | D:6      | Identified the +1 leather armour of Afeciy {rF++ rCorr}
  5712 | D:6      | Found a runed translucent gate.
  5713 | D:6      | Found a runed translucent gate.
  5714 | D:6      | Found a runed translucent gate.
  5716 | D:6      | Noticed retardedninja's ghost (novice MiFi)
  5718 | D:6      | Identified the +9 plate armour of the True Pharaoh {Str+7}
  5787 | D:6      | Found a broken altar of Ashenzari.
  6377 | D:7      | Found a hazy altar of Hepliaklqana.
  6810 | D:7      | Found a staircase to the Ecumenical Temple.
  7019 | D:8      | Found a radiant altar of Vehumet.
  7131 | D:8      | Found a transporter.
  7135 | D:8      | Found a transporter.
  7178 | D:8      | Reached skill level 5 in Long Blades
  7178 | D:8      | Reached skill level 9 in Stealth
  7180 | D:8      | Reached XP level 10. HP: 42/53 MP: 11/11
  7298 | D:8      | Reached skill level 5 in Dodging
  7550 | D:8      | Noticed a tengu warrior
  7577 | D:8      | Noticed RapScallion's ghost (novice HOFi)
  7657 | D:8      | Noticed a cyclops
  7879 | D:8      | Found a staircase to the Lair.
  8040 | Temple   | Entered the Ecumenical Temple
  8311 | Lair:1   | Entered Level 1 of the Lair of Beasts
  8312 | Lair:1   | Upgraded the game from 0.29.1-12-g30fa7ad0bf to
                  | 0.29.1-13-g9f3cf754e1
  8361 | Lair:1   | Reached skill level 10 in Stealth
  8430 | Lair:1   | Noticed a seven-headed hydra
  8642 | D:9      | Paralysed by a hornet for 3 turns
  9044 | D:9      | Got the Papyrus of Formation
  9250 | D:9      | Reached XP level 11. HP: 41/58 MP: 7/12
  9413 | D:10     | Entered Level 10 of the Dungeon
  9549 | D:10     | Found a staircase to the Orcish Mines.
  9600 | D:10     | Reached skill level 5 in Armour
  9662 | D:10     | Noticed Psyche
  9672 | D:10     | Killed Psyche
  9702 | D:10     | Found a burning altar of Makhleb.
  9763 | D:10     | Found a bloodstained altar of Trog.
  9828 | D:10     | Became a worshipper of Makhleb the Destroyer
 10267 | D:10     | Found a white marble altar of Elyvilon.
 10436 | D:11     | Noticed a boulder beetle
 10696 | D:11     | Noticed a mana viper
 10696 | D:11     | a boulder beetle changed into a mana viper
 10711 | D:11     | Killed a mana viper
 10809 | D:11     | Reached skill level 11 in Stealth
 10976 | D:11     | Reached skill level 10 in Throwing
 10976 | D:11     | Reached skill level 12 in Stealth
 10976 | D:11     | Reached XP level 12. HP: 31/64 MP: 4/13
 11639 | D:12     | Noticed an ettin
 11698 | D:12     | Killed an ettin
 11835 | D:12     | Reached * piety under Makhleb
 11942 | D:12     | Reached XP level 13. HP: 69/69 MP: 14/14
 12125 | D:12     | Reached skill level 1 in Shields
 12361 | D:12     | HP: 2/70 [cyclops (10)]
 12505 | D:12     | Reached skill level 13 in Stealth
 12983 | D:12     | Noticed a frost giant
 13121 | D:12     | Slain by a frost giant

Illustrated notes

Levels and vault maps discovered:
D:1:      minmay_arrival_diagonal_passages, layout_loops_corners,
          hellmonk_ecumenical_altar_heavens_door, serial_aquarium,
          aquarium_bridge_long_joined [aquarium_subvault_wall,
          aquarium_subvault_wall, aquarium_subvault_bridge,
          aquarium_subvault_bridge, aquarium_subvault_wall,
          aquarium_subvault_wall], aquarium_window_fake, aquarium_window_double,
          aquarium_view_2c, aquarium_view_2d, aquarium_balcony_3b, serial_shops,
          nicolae_diamond_shop, shop, nicolae_shop_behind_doors,
          nicolae_shop_bloodbath_and_beyond, shop_fountains
D:2:      layout_basic, basic_altar, uniq_robin, uniq_jessica
D:3:      layout_loops_ring, general_overflow_altar, kennysheep_generic_room_2,
          uniq_sigmund
D:4:      layout_basic, lemuel_tele_altar, minmay_manual_mess
D:5:      layout_layer_cave, kennysheep_generic_room_16
D:6:      layout_cave_pools, minitemple, biasface_ghost_orc_armoury
D:7:      layout_basic, mainiacjoe_overflow_24_doors, temple_doors_e,
          minmay_microvault
D:8:      layout_gridville, mainiacjoe_overflow_surrounded_room,
          lair_entry_dummy, nzn_ghost_randoct, serial_undead, serial_undead_f,
          serial_undead_b, serial_undead_c, serial_undead_c, serial_undead_d,
          serial_undead_f, serial_undead_c, serial_undead_e, minivault_23
D:9:      layout_loops_ring
D:10:     layout_gridville, overflow_temple_1_default,
          nicolae_overflow_crystal_walls, marbit_many_paths, hiddenorc2_lemuel,
          uniq_psyche
D:11:     layout_cross, minmay_misc_feat_pillars
D:12:     giant_chief_lemuel, layout_basic
Temple:   nicolae_temple_bog_church
Lair:1:   layout_loops_ring, grunt_megastairs_2, serial_bayou_shore_b,
          lemuel_fruit_tree

Skill      XL: |  1  2  3  4  5  6  7  8  9 10 11 12 13 |
---------------+----------------------------------------+-----
Dodging        | 1 2 3 4 5 7 |  7.9
Stealth        | 5 6 7 9 10 12 13 | 13.0
Fighting       | 2 3 4 5 6 8 |  8.9
Long Blades    | 1 2 3 4 5 6 7 8 |  8.5
Armour         | 1 2 3 4 5 6 |  6.4
Throwing       | 3 4 6 8 10 11 | 11.3
Shields        | 1 |  1.8
Short Blades   | |  1.7

Action                   |  1- 3 |  4- 6 |  7- 9 | 10-12 | 13-15 || total
-------------------------+-------+-------+-------+-------+-------++-------
Melee: Dagger            |    71 |   176 |       |       |       ||   247
       Bite              |    12 |    66 |   120 |   267 |    55 ||   520
       Punch             |     1 |       |     7 |    10 |     1 ||    19
       Short sword       |       |    35 |   362 |   233 |       ||   630
       Scimitar          |       |       |       |   436 |   141 ||   577
Throw: Dart              |       |       |    27 |    19 |    10 ||    56
       Boomerang         |       |       |    74 |       |       ||    74
       Throwing net      |       |       |       |     1 |       ||     1
Evoke: Wand              |       |       |       |     5 |     1 ||     6
  Use: Scroll            |       |       |     7 |     8 |     3 ||    18
       Potion            |       |       |       |     2 |       ||     2
 Stab: Sleeping          |    12 |    10 |    10 |    12 |       ||    44
Armor: Robe              |    15 |    92 |   103 |   212 |       ||   422
       Leather armour    |       |       |       |    31 |    34 ||    65
Dodge: Dodged            |    29 |   110 |   179 |   804 |   142 ||  1264
Block: Other             |       |       |       |       |     1 ||     1
       Reflection        |       |       |       |       |     1 ||     1
